 Dungeon Crawl Stone Soup version 0.28.0 (webtiles) character file.

Game seed: 2212643263317207762

463 Dorkslayer the Skirmisher (level 7, -1/68 HPs)
             Began as a Hill Orc Fighter on Sept 11, 2022.
             Slain by an orc priest (5 damage)
             ... on level 4 of the Dungeon.
             The game lasted 00:06:39 (3000 turns).

Dorkslayer the Skirmisher (Hill Orc Fighter)        Turns: 3000, Time: 00:06:40

Health: -1/68      AC: 14    Str: 18 (21) XL:     7   Next: 7%
Magic:  7/7        EV:  7    Int:  6 (8)  God:
Gold:   66         SH:  4    Dex:  9 (10) Spells: 6/6 levels left

rFire   . . .      SeeInvis .   a - +0 war axe
rCold   . . .      Faith    .   c - +0 buckler
rNeg    . . .      Spirit   .   t - +0 chain mail
rPois   .          Reflect  .   (no helmet)
rElec   .          Harm     .   d - +0 cloak
rCorr   .          Rampage  .   (no gloves)
Will    .....                   l - +2 pair of boots
Stlth   ..........              (no amulet)
HPRegen 0.21/turn               f - ring of flight
MPRegen 0.10/turn               (no ring)

@: flying
A: talons 1, robust 1
a: Convert to Beogh


You were on level 4 of the Dungeon.
You visited 1 branch of the dungeon, and saw 4 of its levels.

You collected 66 gold pieces.

Inventory:

Hand Weapons
 a - a +0 war axe (weapon)
Armour
 c - a +0 buckler (worn)
 d - a +0 cloak (worn)
 l - a +2 pair of boots (worn)
 t - a +0 chain mail (worn)
Jewellery
 f - a ring of flight (left hand)
Scrolls
 b - a scroll of immolation {unknown}
 g - a scroll of magic mapping
 j - 2 scrolls of teleportation {unknown}
 k - a scroll of enchant weapon {unknown}
 m - 4 scrolls of fear {unknown}
 s - a scroll of identify {unknown}
 u - a scroll of torment {unknown}
 v - a scroll of blinking {unknown}
Potions
 e - 2 potions of curing
 n - a potion of lignification
 p - a potion of brilliance


   Skills:
 * Level 5.8 Fighting
 + Level 5.8 Axes
 + Level 4.4 Armour
 * Level 2.3 Dodging
 + Level 0.1 Stealth
 + Level 3.7 Shields


You had 6 spell levels left.
You didn't know any spells.
Your spell library contained the following spells:

 Spells                   Type           Power      Damage    Failure   Level
 Call Canine Familiar     Summ           0%         N/A       100%        3
 Gell's Gravitas          Tloc           0%         N/A       100%        3
 Lesser Beckoning         Tloc           0%         N/A       100%        3
 Portal Projectile        Hex/Tloc       0%         N/A       100%        3
 Teleport Other           Tloc           0%         N/A       100%        3
 Leda's Liquefaction      Hex/Erth       0%         N/A       100%        4


Dungeon Overview and Level Annotations

Branches:
Dungeon (4/15)
 Temple: D:4-7

Altars:
Fedhas
Kikubaaqudgha
Beogh

Shops:
D:1 =


Innate Abilities, Weirdness & Mutations

You have sharp toenails.
You are robust. (+10% HP)


Message History

It was a potion of mutation.
You feel extremely strange.
You feel robust.
Your toenails lengthen and sharpen.
Something hits you but does no damage.
The orc priest hits you but does no damage.
It was a potion of cancellation.
Your magical effects are unravelling.
You feel magically purged.
You feel less wooden.
Your +0 cloak unmelds from your body.
Your +2 pair of boots unmelds from your body.
Your +0 chain mail unmelds from your body.
You feel a little less clever now.
Your resistance to elements expires.
Something hits you.
* * * LOW HITPOINT WARNING * * *
The orc priest closely misses you.
It was a potion of degeneration.
There was something very wrong with that liquid.
You feel weakened.
You feel dopey.
You feel clumsy. Something hits you but does no damage.
The orc priest invokes the aid of Beogh against you.
Beogh smites you!
* * * LOW HITPOINT WARNING * * *
It was a potion of heal wounds.
You feel much better. You block something's attack.
The orc priest hits you but does no damage.
You closely miss the orc priest. You closely miss something.
Something hits you but does no damage.
The orc priest hits you but does no damage.
You hit the orc priest but do no damage.
You completely miss something.
You hear some strange, mumbled words.
A puff of flame appears from out of thin air!
The puff of flame hits you.
* * * LOW HITPOINT WARNING * * *
The orc priest mumbles some strange prayers to Beogh against you.
Beogh smites you!
* * * LOW HITPOINT WARNING * * *
You barely miss the orc priest. You hit something.
Something hits you but does no damage. The orc priest hits you with a +0 club.
You die...

,,* ####.#.#.# #.##.## *,*
#......#.# #.##..# *,**
#.##.##.†####.###.# ,,,*
#.##....###...# #.# ,,,*
#)####..# #.### #.## ,,,*
**#.# #..###.# #..# ****
**,..# #...##.# ##.# **,,###
##..##.# #.# *****,,**
#{@##.# #.#
,,,,,,********##o##.# #.#
****,,,,,,,,,**.o.########.#
***,,*********$8.8.#<......#
*,,,** **#.$$$$#########
***** *,#.8.8.# *,##$_$##*
************,,#####,*
,,,,,,,,,,,,,,,,,,,,*


You could see 2 orc priests.

Vanquished Creatures
  Sigmund (D:2)
  An ogre (D:3)
  A hound (D:4)
  Crazy Yiuf (D:3)
  3 orc wizards
  An adder (D:2)
  A worm (D:3)
  2 dart slugs (D:1)
  3 orcs
  7 bats
  6 endoplasms
  A giant cockroach (D:1)
  6 goblins
  5 hobgoblins
  10 jackals
  7 kobolds
  3 quokkas
  2 ball pythons
  4 frilled lizards
  7 rats
72 creatures vanquished.

Vanquished Creatures (others)
  5 fungi (D:3)
  2 plants (D:2)
7 creatures vanquished.

Grand Total: 79 creatures vanquished

Notes
Turn   | Place    | Note
-------+----------+-------------------------------------------
     0 | D:1      | Dorkslayer the Hill Orc Fighter began the quest for the
                  | Orb.
     0 | D:1      | Reached XP level 1. HP: 19/19 MP: 1/1
   109 | D:1      | Found Dyrgh's Jewellery Boutique.
   174 | D:1      | Reached XP level 2. HP: 26/27 MP: 2/2
   598 | D:1      | Reached XP level 3. HP: 28/33 MP: 3/3
  1276 | D:2      | Reached skill level 1 in Dodging
  1705 | D:2      | Reached XP level 4. HP: 40/40 MP: 4/4
  1728 | D:2      | Noticed Sigmund
  1744 | D:2      | Killed Sigmund
  1745 | D:2      | Reached skill level 5 in Fighting
  1745 | D:2      | Reached XP level 5. HP: 32/48 MP: 5/5
  1933 | D:2      | Reached skill level 5 in Axes
  1957 | D:2      | Found a faded altar of an unknown god.
  2099 | D:3      | Reached XP level 6. HP: 53/56 MP: 6/6
  2406 | D:3      | Found an ancient bone altar of Kikubaaqudgha.
  2406 | D:3      | Found a blossoming altar of Fedhas.
  2490 | D:3      | Found a runed translucent door.
  2491 | D:3      | Noticed Crazy Yiuf
  2818 | D:3      | Killed Crazy Yiuf
  2963 | D:4      | Reached XP level 7. HP: 62/62 MP: 7/7
  2980 | D:4      | Found a roughly hewn altar of Beogh.
  2994 | D:4      | Gained mutation: You are robust. (+10% HP) [potion of
                  | mutation]
  2994 | D:4      | Gained mutation: You have sharp toenails. [potion of
                  | mutation]
  2996 | D:4      | HP: 1/68 [orc priest/divine providence (15)]
  3000 | D:4      | Slain by an orc priest

Illustrated notes

Levels and vault maps discovered:
D:1:      mushboom_english_gardens, layout_basic, serial_shops,
          nicolae_shop_behind_doors, nrook_uturn
D:2:      layout_basic, dreamdust_ecumenical_altar_hidden_monk_grotto,
          chequers_serial_rivers_micro_b, minmay_tiny_reverse_x, uniq_sigmund
D:3:      layout_basic, grunt_temple_overflow_growth_and_decay,
          uniq_crazy_yiuf_cottage
D:4:      layout_rooms, ashenzari_altar_1, chequers_serial_rivers_small_3,
          kennysheep_orc_chapel

Skill      XL: |  1  2  3  4  5  6 |
---------------+-------------------+-----
Fighting       | 4 5 |  5.8
Axes           | 3 4 5 |  5.8
Dodging        | 1 2 |  2.3
Armour         | 4 |  4.4
Stealth        | |  0.1
Shields        | |  3.7

Action                   |  1- 3 |  4- 6 |  7- 9 || total
-------------------------+-------+-------+-------++-------
Melee: War axe           |   119 |    72 |    11 ||   202
  Use: Potion            |       |     2 |     8 ||    10
       Scroll            |       |       |     1 ||     1
Armor: Scale mail        |    71 |    24 |       ||    95
       Chain mail        |       |    12 |    11 ||    23
       Skin              |       |       |     6 ||     6
Dodge: Dodged            |    83 |    26 |     2 ||   111
Block: Buckler           |    37 |     9 |     5 ||    51
